 Dungeon Crawl Stone Soup version 0.21.0-3-g78d12a8 (webtiles) character file.

180 Suckerboh the Skirmisher (level 5, 0/64 HPs)
             Began as a Formicid Abyssal Knight on Jan 15, 2018.
             Was a Priest of Lugonu.
             Slain by a worker ant (3 damage)
             ... on level 4 of the Dungeon.
             The game lasted 00:05:22 (3793 turns).

Suckerboh the Skirmisher (Formicid Abyssal Knight)  Turns: 3793, Time: 00:05:25

Health: 0/64       AC: 22    Str: 17    XL:     5   Next: 91%
Magic:  7/7        EV:  2    Int: 11    God:    Lugonu [***...]
Gold:   118        SH:  0    Dex: 11    Spells: 4/4 levels left

rFire    . . .     SeeInvis .   a - +1 falchion
rCold    . . .     Gourm    .   (no shield)
rNeg     + + +     Faith    .   (armour currently unavailable)
rPois    +         Spirit   .   (helmet unavailable)
rElec    .         Reflect  .   (cloak currently unavailable)
rCorr    .         Harm     .   (gloves currently unavailable)
MR       .....                  (boots currently unavailable)
Stlth    +.........             (no amulet)
HPRegen  0.20/turn              (no ring)
MPRegen  0.10/turn              (no ring)

@: lethally poisoned (0 -> -9), tree-form
A: permanent stasis, dig shafts and tunnels, four strong arms
a: Depart the Abyss, Bend Space, Banish, Renounce Religion


You were on level 4 of the Dungeon.
You worshipped Lugonu.
Lugonu was most pleased with you.
You were not hungry.
You were a tree.
You visited 1 branch of the dungeon, and saw 4 of its levels.
You visited the Abyss 1 time.

You collected 118 gold pieces.

Inventory:

Hand Weapons
 a - a +1 falchion (weapon)
Armour
 b - a +0 leather armour (melded)
 k - a +0 pair of boots (melded)
Jewellery
 h - an uncursed ring of magical power {unknown}
 o - an uncursed amulet of the gourmand {unknown}
Wands
 n - a wand of iceblast (6)
Scrolls
 d - a scroll of fear {unknown}
 e - 3 scrolls of teleportation {unknown}
 g - 6 scrolls of identify {unknown}
 i - 4 scrolls of remove curse {unknown}
 j - a scroll of enchant weapon {unknown}
 m - a scroll of fog {unknown}
 q - a scroll of immolation {unknown}
 r - a scroll of magic mapping {unknown}
Potions
 f - 2 potions of berserk rage
 l - a potion of lignification
 s - a potion of mutation {unknown}
Comestibles
 c - 7 rations
 p - 2 chunks of flesh


   Skills:
 + Level 4.3 Fighting
 * Level 4.1 Long Blades
 + Level 2.7 Armour
 + Level 1.4 Dodging
 + Level 0.3 Stealth
 * Level 2.9 Invocations


You had 4 spell levels left.
You didn't know any spells.

Dungeon Overview and Level Annotations

Branches:
Dungeon (4/15)
 Temple: D:4-7

Altars:
Trog


Innate Abilities, Weirdness & Mutations

You cannot be hasted, slowed, berserked, paralysed or teleported.
You can dig through walls and to a lower floor.
Your four strong arms can wield two-handed weapons with a shield.
((You have a pair of large antennae on your head. (SInv)))


Message History

* * * LOW HITPOINT WARNING * * *
The worker ant bites you.
* * * LOW HITPOINT WARNING * * *
You hit the worker ant.
The worker ant is heavily wounded.
You feel sick.
The worker ant bites you but does no damage.
It was a potion of berserk rage.
Your stasis prevents you from going berserk.
The worker ant bites you.
* * * LOW HITPOINT WARNING * * *
You are more poisoned.
The worker ant poisons you!
It was a potion of lignification.
You turn into a tree.
Your +0 pair of boots melds into your body.
Your +0 leather armour melds into your body.
Your roots penetrate the ground.
* * * LOW HITPOINT WARNING * * *
You feel sick. The worker ant bites you.
You die...

.# #. #.#.#
#.#. #.#.#
#.#.## #.#.#
#.#.#.# #.#.#
#.#.#.#
#.#.#.#.#.#.#
#.#.#.#.#.#.#
#....÷#.#a#.#.#
#....†..♣.....+
#....##########
###.. { ###


You could see a worker ant.

Vanquished Creatures
  A howler monkey (D:4)
  3 gnolls (D:2)
  3 adders (D:3)
  2 oozes
  A worm (D:3)
  2 dart slugs
  3 leopard geckos
  An orc (D:3)
  A ball python (D:3)
  10 bats
  4 giant cockroaches
  5 goblins
  8 hobgoblins
  5 quokkas
  5 frilled lizards
  A jackal skeleton (D:4)
  9 kobolds
  7 rats
71 creatures vanquished.

Notes
Turn   | Place    | Note
-------+----------+-------------------------------------------
     0 | Abyss:1  | Suckerboh the Formicid Abyssal Knight began the quest for the Orb.
     0 | Abyss:1  | Reached XP level 1. HP: 18/18 MP: 2/2
    29 | D:1      | Escaped the Abyss
   119 | D:1      | Reached XP level 2. HP: 18/25 MP: 3/3
   379 | D:1      | Reached skill level 1 in Dodging
   535 | D:1      | Reached XP level 3. HP: 24/30 MP: 4/4
   716 | D:1      | Reached ** piety under Lugonu
  1518 | D:2      | Found a bloodstained altar of Trog.
  1752 | D:2      | Reached XP level 4. HP: 33/37 MP: 5/5
  2574 | D:3      | Reached XP level 5. HP: 23/42 MP: 7/7
  3029 | D:3      | Reached *** piety under Lugonu
  3793 | D:4      | HP: 3/64 [poisoned by a worker ant]
  3793 | D:4      | Slain by a worker ant

Skill      XL: |  1  2  3  4  5 |
---------------+----------------+-----
Fighting       | 4 |  4.3
Dodging        | 1 |  1.4
Long Blades    | 3 4 |  4.1
Armour         | |  2.7
Stealth        | |  0.3
Invocations    | |  2.9

Action                   |  1- 3 |  4- 6 || total
-------------------------+-------+-------++-------
Melee: Falchion          |   108 |   134 ||   242
  Use: Potion            |       |     2 ||     2
  Eat: Chunk             |     3 |     6 ||     9
Armor: Leather armour    |    25 |    39 ||    64
Dodge: Dodged            |    72 |    77 ||   149
       Rpst.: Falchion   |    27 |    23 ||    50
